 Dungeon Crawl Stone Soup version 0.23-a0-655-g3751e1c (webtiles) character file.

81 Lavandula the Vandal (level 4, 0/27 HPs)
             Began as a Halfling Arcane Marksman on Jan 8, 2019.
             Slain by an orc wizard
             ... wielding a +0 dagger
              (4 damage)
             ... on level 3 of the Dungeon.
             The game lasted 00:03:53 (423 turns).

Lavandula the Vandal (Halfling Arcane Marksman)      Turns: 423, Time: 00:03:53

Health: 0/27       AC:  3    Str: 12    XL:     4   Next: 68%
Magic:  5/5        EV: 15    Int: 11    God:
Gold:   29         SH:  0    Dex: 14    Spells: 4/5 levels left

rFire    . . .     SeeInvis .   a - +0 hunting sling
rCold    . . .     Gourm    .   (shield restricted)
rNeg     . . .     Faith    .   e - +0 robe
rPois    .         Spirit   .   i - +0 helmet
rElec    .         Reflect  .   (no cloak)
rCorr    .         Harm     .   (no gloves)
MR       .....                  (no boots)
Stlth    +.........             (no amulet)
HPRegen  0.09/turn              (no ring)
MPRegen  0.09/turn              (no ring)

@: confused
A: small, mutation resistance 1
a: no special abilities


You were on level 3 of the Dungeon.
You were not hungry.

You visited 1 branch of the dungeon, and saw 3 of its levels.

You collected 29 gold pieces.

Inventory:

Hand Weapons
 a - a +0 hunting sling (weapon)
 g - a +0 short sword of speed
Missiles
 d - 19 sling bullets (quivered)
Armour
 e - a +0 robe (worn)
 i - a +0 helmet (worn)
Scrolls
 b - 2 scrolls of identify {unknown}
 j - a scroll of fear {unknown}
Comestibles
 f - 2 rations


   Skills:
 - Level 0.8 Fighting
 + Level 6.6 Slings
 - Level 2.1 Dodging
 - Level 1.0 Spellcasting
 - Level 2.4 Hexes


You had 4 spell levels left.
You knew the following spells:

 Your Spells              Type           Power        Failure   Level  Hunger
a - Corona                Hex            #......      12%         1    ##.....

Your spell library contained the following spells:

 Spells                   Type           Power        Failure   Level  Hunger
 Slow                     Hex            #.......     19%         2    ###....
 Inner Flame              Hex/Fire       #.......     52%         3    ####...
 Portal Projectile        Hex/Tloc       #.....       52%         3    ####...
 Cause Fear               Hex            #.........   77%         4    #####..
 Leda's Liquefaction      Hex/Erth       #.........   89%         4    #####..


Dungeon Overview and Level Annotations

Branches:
Dungeon (3/15)

Altars:


Innate Abilities, Weirdness & Mutations

You are small and have problems with some larger weapons.
You are somewhat resistant to further mutation.


Message History

Unknown command.
Firing (i - inventory)
d - 22 sling bullets (quivered)
Press: ? - help, Shift-Dir - straight line, f/p - orc wizard
Aim: an orc wizard, wielding a +0 dagger and wearing a +0 robe (severely You shoot a sling bullet.
The sling bullet hits the orc wizard.
The orc wizard is almost dead.
The orc wizard casts a spell at you.
You are confused.
Firing (i - inventory)
d - 21 sling bullets (quivered)
Press: ? - help, Shift-Dir - straight line, f/p - orc wizard
Aim: an orc wizard, wielding a +0 dagger and wearing a +0 robe (almost dead)
You shoot a sling bullet.
The orc wizard hits you with a +0 dagger.
* * * LOW HITPOINT WARNING * * *
Firing (i - inventory)
d - 20 sling bullets (quivered)
Press: ? - help, Shift-Dir - straight line, f/p - orc wizard
Aim: an orc wizard, wielding a +0 dagger and wearing a +0 robe (almost dead)
You shoot a sling bullet.
The orc wizard hits you with a +0 dagger.
You die...

#.# #.# #.#
##.## #.#.#
##.## #.#
#.#############
#....@o.....)..
########.......
.....#. ....##
.#### .. ##


You could see an orc wizard.

Vanquished Creatures
  3 gnolls (D:3)
  2 adders (D:2)
  A dart slug (D:1)
  3 leopard geckos (D:1)
  4 orcs (D:3)
  5 jackals
  A ball python (D:1)
  2 bats
  A frilled lizard (D:3)
  A goblin (D:1)
  2 kobolds
  4 rats
29 creatures vanquished.

Notes
Turn   | Place    | Note
-------+----------+-------------------------------------------
     0 | D:1      | Lavandula the Halfling Arcane Marksman began the quest for
                  | the Orb.
     0 | D:1      | Reached XP level 1. HP: 12/12 MP: 2/2
    76 | D:1      | Reached skill level 4 in Slings
    76 | D:1      | Reached XP level 2. HP: 18/18 MP: 3/3
   250 | D:2      | Reached skill level 5 in Slings
   250 | D:2      | Reached XP level 3. HP: 21/22 MP: 4/4
   328 | D:3      | Reached skill level 6 in Slings
   328 | D:3      | Reached XP level 4. HP: 26/27 MP: 5/5
   423 | D:3      | Slain by an orc wizard

Vault maps used:
D:1:      lemuel_arrival_rhombus, serial_forest, infiniplex_forest_clump_small,
          infiniplex_forest_corner_2, infiniplex_forest_pool,
          infiniplex_forest_end_3, infiniplex_forest_zigzag_1,
          infiniplex_forest_clump_small, infiniplex_forest_clump_double,
          infiniplex_forest_clump_curved, infiniplex_forest_lined_room_3
D:2:      first_ration, uniq_sigmund

Skill      XL: |  1  2  3 |
---------------+----------+-----
Slings         | 4 5 6 |  6.6
Fighting       | |  0.8
Dodging        | |  2.1
Spellcasting   | |  1.0
Hexes          | |  2.4

Action                   |  1- 3 |  4- 6 || total
-------------------------+-------+-------++-------
 Fire: Hunting sling     |    72 |    39 ||   111
 Cast: Corona            |     2 |       ||     2
  Use: Potion            |       |     2 ||     2
Armor: Robe              |     2 |     2 ||     4
Dodge: Dodged            |    33 |    11 ||    44

Table legend:
 A = Non-vault XP
 B = Vault XP
 C = Vault XP percentage of total XP
 D = Non-vault monster count
 E = Vault monster count
 F = Vault count percentage of total count
                 A         B        C        D         E       F
            +---------+---------+-------+---------+---------+-------
      Total |     117 |       0 |   0.0 |      29 |       0 |   0.0
            +---------+---------+-------+---------+---------+-------
        D:1 |      19 |       0 |   0.0 |      10 |       0 |   0.0
        D:2 |      33 |       0 |   0.0 |       6 |       0 |   0.0
        D:3 |      65 |       0 |   0.0 |      13 |       0 |   0.0
            +---------+---------+-------+---------+---------+-------
